 Dungeon Crawl Stone Soup version 0.18-a0-1343-g48c8f86 (webtiles) character file.

298 eljoo the Sneak (level 6, -6/41 HPs)
             Began as a Formicid Earth Elementalist on Feb 16, 2016.
             Killed from afar by an orc wizard (10 damage)
             ... with a magic dart
             ... on level 3 of the Dungeon.
             The game lasted 00:18:27 (3369 turns).

eljoo the Sneak (Formicid Earth Elementalist)       Turns: 3369, Time: 00:18:27

Health: -6/41      AC:  3    Str: 10 (13) XL:     6   Next: 63%
Magic:  7/12       EV: 12    Int: 14 (16) God:
Gold:   235        SH:  0    Dex: 10 (11) Spells: 1 memorised, 12 levels left

rFire  . . .     SeeInvis +     (no weapon)
rCold  . . .     Gourm    .     a - +1 robe
rNeg   . . .     Faith    .     (no shield)
rPois  .         Spirit   .     (helmet unavailable)
rElec  .         Dismiss  .     (no cloak)
rCorr  +         Reflect  .     (no gloves)
SustAt .         Harm     .     (no boots)
MR     .....                    (no amulet)
Stlth  +++.......               F - ring of teleportation (curse)
                                p - ring of resist corrosion

@: very slightly contaminated, not resistant to hostile enchantments, fairly
stealthy
A: permanent stasis, dig shafts and tunnels, four strong arms, antennae 3
a: Dig, Shaft Self


You were on level 3 of the Dungeon.
You were hungry.

You visited 1 branch of the dungeon, and saw 5 of its levels.

You collected 235 gold pieces.

Inventory:

Armour
 a - a +1 robe (worn)
Jewellery
 p - a ring of resist corrosion (left hand)
 D - an uncursed ring of see invisible
 F - a cursed ring of teleportation (right hand)
 H - a +6 ring of strength {unknown}
Wands
 C - a wand of flame (33/48)
Scrolls
 f - 2 scrolls of remove curse
 h - 3 scrolls of identify
 j - a scroll of noise
 k - 2 scrolls of enchant weapon
 l - a scroll of enchant armour
 m - a scroll of blinking {unknown}
 r - a scroll of fog {unknown}
 u - a scroll of magic mapping
 y - a scroll of holy word {unknown}
 G - a scroll of immolation {unknown}
Potions
 e - a potion of resistance {unknown}
 g - a potion of beneficial mutation {unknown}
 i - 2 potions of haste
 n - a potion of might {unknown}
 o - 2 potions of lignification
 s - a potion of heal wounds {unknown}
 v - a potion of degeneration
 w - a potion of brilliance {unknown}
 z - a potion of ambrosia {unknown}
 E - a potion of curing {unknown}
Books
 c - a book of Geomancy

   Spells                             Type                      Level
   a - Sandblast                      Earth                        1
   b - Passwall                       Transmutation/Earth          2
   c - Stone Arrow                    Conjuration/Earth            3
   d - Petrify                        Transmutation/Earth          4
   e - Lee's Rapid Deconstruction     Earth                        5
Comestibles
 d - 2 bread rations
 x - 2 beef jerkies
 A - 6 fruits
 I - a royal jelly


   Skills:
 - Level 2.0 Dodging
 * Level 5.5 Stealth
 * Level 4.0 Spellcasting
   Level 1.1 Transmutations
 + Level 5.3 Earth Magic


You had 12 spell levels left.
You knew the following spells:

 Your Spells              Type           Power        Failure   Level  Hunger
a - Sandblast             Erth           ###...       2%          1    None


Dungeon Overview and Level Annotations

Branches:
Dungeon (5/15)
 Temple: D:4-7

Altars:
Dithmenos
Fedhas
Ru
Yredelemnul

Annotations:
D:2 Terence
D:4 Edmund


Innate Abilities, Weirdness & Mutations

You are under a permanent stasis effect.
You can dig through walls and to a lower floor.
Your four strong arms can wield two-handed weapons with a shield.
You have a pair of large antennae on your head (SInv).


Message History

As you read the scroll labeled PYTHYN IVUINU, it crumbles to dust.
You hear a loud clanging noise!
It was a scroll of noise.
The orc wizard hits you but does no damage.
Read which item? (? for menu, Esc to quit)
As you read the scroll labeled LIYMAL KIFENIM, it crumbles to dust.
You feel momentarily disoriented.
It was a scroll of magic mapping.
The orc wizard hits you with a dagger.
* * * LOW HITPOINT WARNING * * *
Read which item? (? for menu, Esc to quit)
As you read the scroll labeled ELIF PAGIMOS, it crumbles to dust.
You hear the tinkle of an enormous bell.
It was a scroll of random uselessness.
The orc wizard hits you with a dagger.
* * * LOW HITPOINT WARNING * * *
Read which item? (? for menu, Esc to quit)
As you read the scroll labeled YMUBROI OFUDU, it crumbles to dust.
You feel a strange sense of stasis.
It was a scroll of teleportation.
The orc wizard gestures at you while chanting.
The magic dart hits you!
You die...

#.............##.....#
#.#########...##.....#
#######.# ##.###.....#
........# #.# ###.### #########
###.# #.# # ##.#.# #.# #
##....# #.# ########## #...o.#
#.# .#.......# ##.@.## #<#
.........# ##.#######.######
..######.# #.#............# .##
#รท#######.#.#.....####.#
.#######.#.........#.#.....##.#
.........#.#####.###)#.###.##.#
#######...#.............>#.##.#
#..#.#####.###.#.#.#.##.#
#.......##.# #.#.....##.##


You could see an orc wizard.

Vanquished Creatures
  2 phantoms
  A hound skeleton (D:5)
  5 adders
  2 oozes
  2 worms
  3 giant geckos
  An orc (D:4)
  A ball python (D:3)
  4 giant cockroaches
  2 goblins
  7 hobgoblins
  4 kobolds
  A quokka (D:2)
  6 bats
  A giant cockroach zombie (D:5)
  4 giant newts
  9 rats
  A spectral orc (D:3)
56 creatures vanquished.

Notes
Turn   | Place    | Note
--------------------------------------------------------------
     0 | D:1      | eljoo the Formicid Earth Elementalist began the quest for the Orb.
     0 | D:1      | Reached XP level 1. HP: 13/13 MP: 3/3
   255 | D:1      | Reached XP level 2. HP: 11/19 MP: 0/5
   408 | D:1      | Reached skill level 4 in Earth Magic
   640 | D:2      | Reached XP level 3. HP: 24/24 MP: 3/6
   722 | D:2      | Found a blossoming altar of Fedhas.
  1147 | D:2      | Noticed Terence
  1178 | D:2      | Reached XP level 4. HP: 27/30 MP: 3/7
  1732 | D:3      | Found a shadowy altar of Dithmenos.
  1894 | D:3      | Found a basalt altar of Yredelemnul.
  2067 | D:3      | Found a sacrificial altar of Ru.
  2192 | D:4      | Noticed Edmund
  2221 | D:5      | Entered Level 5 of the Dungeon
  2294 | D:5      | Reached XP level 5. HP: 35/35 MP: 5/9
  2312 | D:5      | Noticed a sky beast
  2375 | D:5      | Noticed a phantom
  2385 | D:5      | Killed a phantom
  2385 | D:5      | Reached skill level 5 in Stealth
  2385 | D:5      | Reached skill level 5 in Earth Magic
  2385 | D:5      | Reached XP level 6. HP: 18/41 MP: 1/11
  2621 | D:5      | Noticed a phantom
  2787 | D:4      | Noticed a phantom
  2841 | D:4      | Killed a phantom
  3369 | D:3      | Killed from afar by an orc wizard

Vault maps used:
D:1:      dpeg_arrival_snail
D:2:      lemuel_upstairs_altar, grunt_temple_overflow_growth_and_decay,
          uniq_terence
D:3:      nicolae_dithmenos_through_a_glass_darkly,
          yredelemnul_forgotten_temple_becter, marbit_many_paths
D:4:      old_standard_altar, first_bread, uniq_edmund
D:5:      minmay_temple_entry_nine_rooms

Action                   |  1- 3 |  4- 6 || total
-------------------------+-------+-------++-------
Melee: Unarmed           |       |     6 ||     6
 Cast: Sandblast         |    41 |    85 ||   126
  Use: Scroll            |       |     8 ||     8
       Potion            |       |     3 ||     3
 Stab: Sleeping          |       |     1 ||     1
  Eat: Chunk             |     1 |     6 ||     7
       Fruit             |       |     1 ||     1
